[Event "Titled Tuesday Blitz November 08 Late 2022"]
[White "Barria Zuniga, Daniel"]
[Black "Hoffmann, Asa"]
[WhiteFideId "3400816"]
[BlackFideId "2001470"]
[WhiteElo "2414"]
[BlackElo "2117"]
[Result "1-0"]
[Round "06"]
[TimeControl "180+1"]
[Date "2022.11.09"]
[WhiteClock "0:01:31"]
[BlackClock "0:01:54"]

1. c4 Nf6 2. g3 c6 3. Bg2 d6 4. Nf3 e5 5. O-O Be6 6. d3 h6 7. Nc3 Qd7 8. Rb1 Bh3 9. b4 Bxg2 10. Kxg2 Be7 11. b5 O-O 12. bxc6 Nxc6 13. Qa4 d5 14. cxd5 Nxd5 15. Nxd5 Qxd5 16. Rxb7 Rfe8 17. Rb5 Qd7 18. Be3 Bf6 19. Rc5 Nb8 20. Qc4 a5 21. Rc7 Qd6 22. Qxf7+ 1-0


[Site "https://www.chess.com"]

[Event "Titled Tuesday Blitz November 08 Late 2022"]
[White "Baskakov, Egor"]
[Black "Paravyan, David"]
[WhiteFideId "24197866"]
[BlackFideId "4194985"]
[WhiteElo "2211"]
[BlackElo "2546"]
[Result "0-1"]
[Round "06"]
[TimeControl "180+1"]
[Date "2022.11.08"]
[WhiteClock "0:00:12"]
[BlackClock "0:00:06"]

1. e4 e5 2. Nc3 Nf6 3. g3 d5 4. exd5 Nxd5 5. Bg2 Nxc3 6. bxc3 Nc6 7. d3 Bc5 8. Ne2 h5 9. h3 Be6 10. c4 Qd7 11. Be3 Bb6 12. Rb1 O-O 13. Nc3 Ba5 14. Bd2 Nd4 15. Rb2 h4 16. Qh5 hxg3 17. fxg3 Nf5 18. Ne4 Bxd2+ 19. Kxd2 Qd4 20. Rf1 Ne3 21. Nf6+ gxf6 22. Rxf6 Nxc4+ 23. Kd1 Qg1+ 24. Bf1 Nxb2+ 25. Kc1 Qxg3 26. Kxb2 Qg7 27. Qh4 e4 28. d4 Rad8 29. c3 Rd5 30. Rf4 Rg5 31. Rxe4 Bf5 32. Re5 c5 33. Rxc5 b6 34. Re5 Qg6 35. a4 Kg7 36. Bd3 f6 37. Re7+ Rf7 38. Re8 Rh5 39. Qf4 Bxd3 40. Qb8 Qh7 41. h4 Rxh4 42. Qg3+ Bg6 0-1


[Site "https://www.chess.com"]

[Event "Titled Tuesday Blitz November 08 Late 2022"]
[White "Bibilashvili, Lali"]
[Black "Sanchez, Robert"]
[WhiteFideId "13604236"]
[BlackFideId "2034360"]
[WhiteElo "1819"]
[BlackElo "2314"]
[Result "1-0"]
[Round "06"]
[TimeControl "180+1"]
[Date "2022.11.09"]
[WhiteClock "0:02:00"]
[BlackClock "0:02:11"]

1. c4 e6 2. Nf3 d5 3. cxd5 exd5 4. d4 c6 5. Bf4 Nf6 6. Nbd2 Bb4 7. a3 Be7 8. e3 O-O 9. Bd3 Nbd7 10. O-O Re8 11. Ne5 Nxe5 12. dxe5 Nd7 13. Bg3 Nc5 14. Bb1 a5 15. Qh5 g6 16. Qf3 h5 17. h3 Bf8 18. Qe2 Bg7 19. f4 d4 20. Ne4 d3 21. Qd1 Nxe4 1-0


[Site "https://www.chess.com"]

[Event "Titled Tuesday Blitz November 08 Late 2022"]
[White "Cabarkapa, Novak"]
[Black "Xiong, Jeffery"]
[WhiteFideId "943746"]
[BlackFideId "2047640"]
[WhiteElo "2390"]
[BlackElo "2725"]
[Result "0-1"]
[Round "06"]
[TimeControl "180+1"]
[Date "2022.11.08"]
[WhiteClock "0:00:21"]
[BlackClock "0:00:14"]

1. e4 c6 2. Nc3 d5 3. Qe2 d4 4. Nd1 c5 5. d3 Nc6 6. f4 h5 7. Nf3 h4 8. Nf2 g6 9. Bd2 Nf6 10. e5 Nd5 11. Ne4 Qb6 12. b3 Bg4 13. a3 Bh6 14. h3 Bh5 15. Neg5 Bxg5 16. fxg5 Qc7 17. Qe4 Bxf3 18. gxf3 Qxe5 19. f4 Qd6 20. Bg2 e6 21. O-O Nce7 22. b4 Nf5 23. bxc5 Qxc5 24. Qe5 O-O-O 25. Rab1 Qc7 26. Qe1 b6 27. a4 Nfe3 28. Bxe3 Nxe3 29. c4 Nxg2 30. Kxg2 Qc6+ 31. Kg1 Qxa4 32. Ra1 Qd7 33. c5 Qb7 34. c6 Qc7 35. Qe4 Rd5 36. Rfc1 Rhd8 37. Qf3 Rf5 38. Qe4 Rdd5 39. Qe1 Qxf4 40. Rxa7 Rxg5+ 0-1


[Site "https://www.chess.com"]

[Event "Titled Tuesday Blitz November 08 Late 2022"]
[White "Chernomordik, Pavel"]
[Black "Thomas, Anysia"]
[WhiteFideId "2804530"]
[BlackFideId "670472"]
[WhiteElo "2192"]
[BlackElo "2069"]
[Result "1-0"]
[Round "06"]
[TimeControl "180+1"]
[Date "2022.11.09"]
[WhiteClock "0:00:39"]
[BlackClock "0:00:02"]

1. e4 c5 2. Nc3 Nc6 3. Bb5 Nd4 4. Bc4 g6 5. Nge2 Bg7 6. Nxd4 cxd4 7. Qf3 Nh6 8. Ne2 O-O 9. h3 d6 10. g4 Be6 11. d3 Bxc4 12. dxc4 f5 13. exf5 gxf5 14. Bxh6 Bxh6 15. gxf5 Qa5+ 16. Kf1 Qxf5 17. Qxf5 Rxf5 18. Nxd4 Rf7 19. Rg1+ Kh8 20. Re1 Raf8 21. Rg2 e5 22. Nb5 Rf6 23. Kg1 e4 24. Rxe4 a6 25. Nc3 Rf3 26. Re6 Bg7 27. Ne4 Bxb2 28. Nxd6 Bd4 29. Ne4 Rxh3 30. Re7 Rhf3 31. Rxb7 Re8 32. Rg4 h5 33. Rh4 Rg8+ 34. Kf1 Rf5 35. Ke2 Rg2 36. Kd3 Bxf2 37. Nd6 Rg3+ 38. Ke4 Rf8 39. Rxh5+ Kg8 40. Nf5 Rg4+ 41. Kf3 Rxc4 42. Rg7# 1-0


[Site "https://www.chess.com"]

[Event "Titled Tuesday Blitz November 08 Late 2022"]
[White "Chlpik, Martin"]
[Black "Bilan, Danila"]
[WhiteFideId "14923351"]
[BlackFideId "24161918"]
[WhiteElo "2109"]
[BlackElo "2173"]
[Result "1-0"]
[Round "06"]
[TimeControl "180+1"]
[Date "2022.11.09"]
[WhiteClock "0:00:44"]
[BlackClock "0:00:16"]

1. d4 d5 2. Nc3 Nf6 3. Bf4 a6 4. e3 Bf5 5. f3 e6 6. g4 Bg6 7. h4 h6 8. Bd3 Bxd3 9. Qxd3 Bd6 10. Nh3 c5 11. O-O-O Nc6 12. g5 Nh5 13. Bxd6 Qxd6 14. dxc5 Qxc5 15. e4 Ne5 16. Qe2 Ng3 17. Qh2 Nxh1 18. Qxe5 Nf2 19. Nxf2 Qxf2 20. Nxd5 Kf8 21. Qd6+ Kg8 22. Ne7+ Kh7 23. Qxe6 fxe6 24. g6# 1-0


[Site "https://www.chess.com"]

[Event "Titled Tuesday Blitz November 08 Late 2022"]
[White "Crevatin, Leo"]
[Black "Mr_Penings"]
[WhiteFideId "1726307"]
[WhiteElo "2208"]
[BlackElo "2690"]
[Result "1-0"]
[Round "06"]
[TimeControl "180+1"]
[Date "2022.11.09"]
[WhiteClock "0:00:03"]
[BlackClock "0:00:03"]

1. e4 c5 2. Nf3 e6 3. d4 cxd4 4. Nxd4 a6 5. a3 Qc7 6. Nc3 b5 7. Be3 Bb7 8. f3 Nf6 9. Be2 d6 10. O-O Nbd7 11. Qd2 Be7 12. Rad1 O-O 13. Ndxb5 axb5 14. Nxb5 Qb8 15. Nxd6 Bc6 16. Nc4 Rd8 17. Qc3 Nc5 18. b4 Na4 19. Qb3 Rc8 20. Na5 Be8 21. Bd4 Bd6 22. h3 Nh5 23. Bd3 Bh2+ 24. Kf2 Qg3+ 25. Ke2 Qxg2+ 26. Rf2 Qxh3 27. c4 Rd8 28. Be3 Bf4 29. c5 Bb5 30. Bxb5 Ng3+ 31. Ke1 Qh1+ 32. Bf1 Rxd1+ 33. Kxd1 Nxf1 34. Bxf4 Rd8+ 35. Ke2 Qh4 36. Kxf1 Qxf4 37. Qxa4 Qc1+ 38. Kg2 Qg5+ 39. Kf1 Qc1+ 40. Kg2 Qg5+ 41. Kh3 g6 42. Qc2 Qh5+ 43. Kg2 Qg5+ 44. Kf1 Qe3 45. Qe2 Qc1+ 46. Kg2 Qg5+ 47. Kh1 1-0


[Site "https://www.chess.com"]

[Event "Titled Tuesday Blitz November 08 Late 2022"]
[White "Curtis, John"]
[Black "Pniaczek, Marek"]
[WhiteFideId "3200256"]
[BlackFideId "21800421"]
[WhiteElo "2203"]
[BlackElo "2138"]
[Result "1-0"]
[Round "06"]
[TimeControl "180+1"]
[Date "2022.11.09"]
[WhiteClock "0:00:54"]
[BlackClock "0:00:58"]

1. e4 e5 2. Nf3 Nc6 3. Bb5 a6 4. Bxc6 dxc6 5. O-O Bg4 6. d3 Qf6 7. Be3 Bxf3 8. Qxf3 Qxf3 9. gxf3 Ne7 10. f4 exf4 11. Bxf4 Kd7 12. Nd2 Ng6 13. Bg3 h5 14. f4 h4 15. Be1 Bc5+ 16. Kh1 Be3 17. f5 Ne5 18. Nf3 Nxf3 19. Rxf3 Bg5 20. Bc3 f6 21. Rg1 Rh5 22. h3 c5 23. Rg4 Re8 24. Kg2 b5 25. b3 Rhh8 26. Kf1 Re7 27. e5 Kc6 28. exf6 Bxf6 29. Bxf6 gxf6 30. Rff4 Re5 31. Rxh4 Rxh4 32. Rxh4 Rxf5+ 33. Ke2 Rg5 34. Rf4 Rg2+ 35. Kd1 Kd5 36. c4+ Ke5 37. Re4+ Kf5 38. a4 bxa4 39. bxa4 Ra2 40. Re7 Rxa4 41. Rxc7 Ra5 42. Kc2 Kf4 43. h4 Kg4 44. Rf7 f5 45. h5 f4 46. h6 f3 47. Kb2 Ra4 48. h7 Rb4+ 49. Kc2 Rb8 50. Rg7+ Kf4 51. Rg8 1-0


[Site "https://www.chess.com"]

[Event "Titled Tuesday Blitz November 08 Late 2022"]
[White "D`Arruda, Ricardo D."]
[Black "Simonovic, Miroslav"]
[WhiteFideId "100692"]
[BlackFideId "919152"]
[WhiteElo "2507"]
[BlackElo "2043"]
[Result "0-1"]
[Round "06"]
[TimeControl "180+1"]
[Date "2022.11.09"]
[WhiteClock "0:00:31"]
[BlackClock "0:01:07"]

1. d4 Nf6 2. Nf3 c5 3. d5 b5 4. c4 bxc4 5. Nc3 d6 6. e4 Nbd7 7. Bxc4 g6 8. O-O Bg7 9. Bg5 O-O 10. Qd2 Re8 11. Rfe1 Ng4 12. a4 h6 13. Bf4 Kh7 14. a5 Rb8 15. Ra2 Nge5 16. Nxe5 Nxe5 17. Bf1 g5 18. Bg3 Rb4 19. Kh1 f5 20. exf5 Bxf5 21. f3 Nc4 22. Qc1 Qb8 23. Ne4 Nxb2 24. h4 Bxe4 25. Rxe4 Rxe4 26. fxe4 Qb3 27. Rxb2 Qxg3 28. Rb3 Qxb3 0-1


[Site "https://www.chess.com"]

[Event "Titled Tuesday Blitz November 08 Late 2022"]
[White "De Souza, Cristiano Gomes"]
[Black "Kim, Sergey"]
[WhiteFideId "2151758"]
[BlackFideId "13700570"]
[WhiteElo "2068"]
[BlackElo "2576"]
[Result "0-1"]
[Round "06"]
[TimeControl "180+1"]
[Date "2022.11.09"]
[WhiteClock "0:00:11"]
[BlackClock "0:00:17"]

1. d4 Nf6 2. c4 g6 3. Nc3 Bg7 4. e4 d6 5. Nf3 O-O 6. Be2 e5 7. O-O exd4 8. Nxd4 Re8 9. f3 c6 10. Be3 Nbd7 11. Bf2 a5 12. Rc1 Nc5 13. b3 Nfd7 14. a3 Ne5 15. b4 axb4 16. axb4 Ne6 17. Nxe6 Bxe6 18. c5 dxc5 19. Bxc5 Nc4 20. Qxd8 Rexd8 21. Rfd1 Nb2 22. Rxd8+ Rxd8 23. Nd1 Rd2 24. Kf1 Nd3 25. Bxd3 Rxd3 26. Ke2 Ra3 27. Rc2 Bb3 28. Rd2 h5 29. Ne3 Be6 30. g3 Rb3 31. Rd3 Rb1 32. Rd1 Rb2+ 33. Rd2 Rb3 34. Rd3 Bf6 35. Rxb3 Bxb3 36. Kd3 h4 37. f4 h3 38. Bd4 Be7 39. Bc5 Bd8 40. Ng4 Be6 41. Nf2 Bd7 42. g4 Bc7 43. Be3 Bd6 44. Kc3 b5 45. e5 Bc7 46. Ne4 Bd8 47. Nf2 Be7 48. Bd4 Bh4 49. Nxh3 Bxg4 50. Ng1 Kf8 51. Kd3 Ke8 52. Ke3 Kd7 53. Nf3 Be7 54. Ng5 Ke8 55. Ne4 Be6 56. Nc5 Bd5 57. Nd3 Kd7 58. Bc5 Bd8 59. Bd6 Ke6 60. Nc5+ Kf5 61. Kd4 Kxf4 62. Na6 Bb6+ 63. Bc5 Bd8 64. Bd6 Kf5 65. Nc5 Bb6 66. Be7 Bg2 67. Bf6 Kg4 68. Kc3 Bxc5 69. bxc5 Kh3 70. Kb4 Kxh2 71. Bg5 Kg3 72. Ka5 Bd5 73. Bf6 Kg4 74. Kb4 g5 75. e6 Bxe6 76. Bxg5 Kxg5 0-1


[Site "https://www.chess.com"]

[Event "Titled Tuesday Blitz November 08 Late 2022"]
[White "Deac, Bogdan-Daniel"]
[Black "Piesik, Piotr"]
[WhiteFideId "1226380"]
[BlackFideId "1136194"]
[WhiteElo "2648"]
[BlackElo "2316"]
[Result "1-0"]
[Round "06"]
[TimeControl "180+1"]
[Date "2022.11.08"]
[WhiteClock "0:00:04"]
[BlackClock "0:00:01"]

1. c4 g6 2. d4 Bg7 3. e4 d6 4. Nc3 Nf6 5. Be2 O-O 6. Be3 e5 7. d5 c6 8. g4 cxd5 9. cxd5 Na6 10. g5 Nd7 11. h4 f5 12. f3 Ndc5 13. a3 fxe4 14. fxe4 Rf4 15. Bf3 Rf7 16. b4 Nd7 17. Kf2 Nb6 18. Kg2 Nc4 19. Bf2 Bd7 20. Nce2 Nc7 21. Ng3 a5 22. Be2 b5 23. Nf3 Bg4 24. Rf1 Qd7 25. Ng1 Bxe2 26. Qxe2 Raf8 27. bxa5 Nxa5 28. Rab1 h6 29. Be3 hxg5 30. Bxg5 Rxf1 31. Nxf1 Kh7 32. Nh3 Nc4 33. a4 Ra8 34. axb5 Nb6 35. Ng3 Ra5 36. h5 Rxb5 37. hxg6+ Kg8 38. Rf1 Na4 39. Rf7 Qc8 40. Rxc7 1-0


[Site "https://www.chess.com"]

[Event "Titled Tuesday Blitz November 08 Late 2022"]
[White "Derige Kane, Yan"]
[Black "Barash, Anton"]
[WhiteFideId "20665431"]
[BlackFideId "30935229"]
[WhiteElo "2148"]
[BlackElo "2292"]
[Result "1-0"]
[Round "06"]
[TimeControl "180+1"]
[Date "2022.11.09"]
[WhiteClock "0:01:33"]
[BlackClock "0:00:29"]

1. Nf3 d5 2. c4 e6 3. g3 Nf6 4. Bg2 Be7 5. O-O O-O 6. b3 c6 7. Bb2 Re8 8. d3 Nbd7 9. Nbd2 Nf8 10. Re1 Ng6 11. e4 a5 12. a3 Qb6 13. h3 Rd8 14. Qe2 dxe4 15. dxe4 Nd7 16. Rab1 Nc5 17. b4 Nd3 18. Red1 axb4 19. axb4 Bxb4 20. Bd4 c5 21. Qxd3 cxd4 22. Qb3 Ra3 23. Qxa3 1-0


[Site "https://www.chess.com"]

[Event "Titled Tuesday Blitz November 08 Late 2022"]
[White "Diaz Rosas, Julio Cesar"]
[Black "Polster, Christian"]
[WhiteFideId "5105099"]
[BlackFideId "12965081"]
[WhiteElo "2246"]
[BlackElo "2209"]
[Result "0-1"]
[Round "06"]
[TimeControl "180+1"]
[Date "2022.11.09"]
[WhiteClock "0:00:13"]
[BlackClock "0:00:13"]

1. e4 c5 2. Nf3 d6 3. d4 cxd4 4. Nxd4 Nf6 5. Nc3 a6 6. Bg5 e6 7. f4 Be7 8. Qf3 h6 9. Bh4 g5 10. fxg5 Nfd7 11. Bb5 axb5 12. Nxe6 Ne5 13. Ng7+ Kf8 14. Qe2 Kxg7 15. gxh6+ Rxh6 16. Bxe7 Qxe7 17. Nd5 Qh4+ 18. g3 Qg4 19. Nb6 Qxe2+ 20. Kxe2 Bg4+ 21. Kf2 Ra6 22. Nd5 Ra4 23. Nc3 Rf6+ 24. Ke3 Nc4+ 25. Kd3 Nxb2+ 26. Kd2 Rd4+ 27. Kc1 Nc4 28. Re1 Rf2 29. a4 b4 30. Nd5 Nc6 31. Nf4 Rdd2 32. Nd3 Rxc2+ 33. Kb1 Rfd2 34. a5 Na3+ 35. Rxa3 bxa3 36. Nc1 Rb2+ 37. Ka1 Rd1 38. Rxd1 Bxd1 39. Nd3 Rd2 40. Nf4 Nb4 41. Nd5 Nxd5 42. exd5 Bb3 0-1


[Site "https://www.chess.com"]

[Event "Titled Tuesday Blitz November 08 Late 2022"]
[White "Dubov, Daniil"]
[Black "Chigaev, Maksim"]
[WhiteFideId "24126055"]
[BlackFideId "4108116"]
[WhiteElo "2791"]
[BlackElo "2541"]
[Result "1-0"]
[Round "06"]
[TimeControl "180+1"]
[Date "2022.11.08"]
[WhiteClock "0:00:06"]
[BlackClock "0:00:05"]

1. Nf3 Nf6 2. d4 g6 3. c4 Bg7 4. Nc3 O-O 5. Bg5 d6 6. e3 c5 7. d5 Qb6 8. Rb1 Qa5 9. Bd3 b5 10. cxb5 Nxd5 11. O-O Nxc3 12. bxc3 Qc7 13. Be4 Bb7 14. Bxb7 Qxb7 15. c4 Re8 16. Nd2 h6 17. Bf4 a6 18. a4 Nd7 19. h3 axb5 20. Rxb5 Qa6 21. a5 Reb8 22. Qf3 Rxb5 23. cxb5 Qxa5 24. Nc4 Qa4 25. Qc6 Ra7 26. Qc8+ Kh7 27. b6 Ra8 28. b7 Rb8 29. Nxd6 exd6 30. Bxd6 Rxb7 31. Qxb7 c4 32. Qd5 Kg8 33. e4 c3 34. e5 c2 35. Rc1 Kh7 36. Qxf7 Qd4 37. Rxc2 Qd1+ 38. Kh2 Qxc2 39. e6 Qd1 40. Qxd7 1-0


[Site "https://www.chess.com"]

[Event "Titled Tuesday Blitz November 08 Late 2022"]
[White "Dudzinski, Pawel"]
[Black "Van Dael, Siem"]
[WhiteFideId "1117890"]
[BlackFideId "1049771"]
[WhiteElo "2086"]
[BlackElo "2287"]
[Result "1-0"]
[Round "06"]
[TimeControl "180+1"]
[Date "2022.11.09"]
[WhiteClock "0:00:14"]
[BlackClock "0:01:29"]

1. e4 c5 2. Nc3 d6 3. g3 Nc6 4. Bg2 g6 5. d3 Bg7 6. Be3 Nf6 7. Qd2 Ng4 8. Nf3 Nxe3 9. fxe3 O-O 10. O-O a6 11. Rf2 b5 12. e5 Bb7 13. exd6 Qxd6 14. Ne4 Qc7 15. Nxc5 Bxb2 16. Raf1 Rad8 17. Nxb7 Qxb7 18. c3 Na5 19. Qxb2 Qb6 20. d4 Nc4 21. Qe2 Qe6 22. Re1 f5 23. Nd2 Nd6 24. e4 Qxa2 25. exf5 Nxf5 26. Ne4 Qa3 27. Nc5 Qxc3 28. Ne6 Nxd4 29. Nxd4 Qxd4 30. Qe6+ Kh8 31. Qe5+ Qxe5 32. Rxe5 Rxf2 33. Kxf2 Rd2+ 34. Kf3 Rd3+ 35. Kf4 Rd2 36. Bb7 Rxh2 37. Bxa6 b4 38. Rxe7 b3 39. Rb7 b2 40. Bc4 Rc2 41. Ba2 Rf2+ 42. Kg5 Rg2 43. g4 b1=Q 44. Bxb1 h5 45. Kh6 Kg8 46. g5 h4 47. Bxg6 Kf8 48. Rb4 h3 49. Re4 1-0


[Site "https://www.chess.com"]

[Event "Titled Tuesday Blitz November 08 Late 2022"]
[White "Dzierzak, Radoslaw"]
[Black "chess50years"]
[WhiteFideId "1161407"]
[WhiteElo "2111"]
[BlackElo "2137"]
[Result "1-0"]
[Round "06"]
[TimeControl "180+1"]
[Date "2022.11.09"]
[WhiteClock "0:00:38"]
[BlackClock "0:00:29"]

1. e4 c5 2. Nf3 e6 3. d4 cxd4 4. Nxd4 a6 5. Nc3 Qc7 6. g3 Nc6 7. Bg2 Nf6 8. O-O Nxd4 9. Qxd4 Bc5 10. Bf4 d6 11. Qd2 h6 12. Rad1 e5 13. Be3 O-O 14. Bxc5 dxc5 15. Nd5 Nxd5 16. exd5 Qd6 17. f4 exf4 18. Qxf4 Qxf4 19. Rxf4 Rb8 20. d6 Bd7 21. Re4 Rfe8 22. Re7 Bc6 23. Bxc6 bxc6 24. b3 Kf8 25. Rde1 Rbd8 26. c4 Rb8 27. Kf2 Rxe7 28. Rxe7 Rd8 29. Ra7 Rxd6 30. Ke2 Re6+ 31. Kd2 Rf6 32. Rxa6 Rf2+ 33. Ke3 Rxh2 34. Rxc6 Rxa2 35. Rxc5 Ke7 36. Rc6 h5 37. b4 g5 38. b5 f5 39. c5 Rb2 40. b6 Kd7 41. Rc7+ Ke6 42. b7 Rb3+ 43. Kd4 Rb4+ 44. Kc3 Rb1 45. c6 f4 46. gxf4 gxf4 47. Rc8 f3 48. b8=Q 1-0


[Site "https://www.chess.com"]

[Event "Titled Tuesday Blitz November 08 Late 2022"]
[White "Ezat, Mohamed"]
[Black "Bazeev, German"]
[WhiteFideId "10600906"]
[BlackFideId "24119350"]
[WhiteElo "2386"]
[BlackElo "2493"]
[Result "0-1"]
[Round "06"]
[TimeControl "180+1"]
[Date "2022.11.09"]
[WhiteClock "0:00:03"]
[BlackClock "0:00:04"]

1. d4 Nf6 2. c4 e6 3. Nc3 Bb4 4. e3 O-O 5. a3 Bxc3+ 6. bxc3 d6 7. Bd3 e5 8. f3 e4 9. Bb1 Re8 10. Ne2 Be6 11. O-O Bxc4 12. Rf2 d5 13. Ng3 Nc6 14. fxe4 Nxe4 15. Nxe4 dxe4 16. Qg4 Qc8 17. Qh4 f5 18. g4 fxg4 19. Rf4 Be2 20. Rxe4 h6 21. Rxe8+ Qxe8 22. e4 Bf3 23. e5 Qe6 24. Ra2 Bd5 25. Rf2 Rf8 26. Bh7+ Kxh7 27. Rxf8 Qg6 28. Qf2 Ne7 29. Rf4 b5 30. Qd2 h5 31. Kf2 Qb1 32. Kg3 Ng6 33. Rf2 Qe4 34. h4 Qh1 35. Rg2 Qxh4# 0-1


[Site "https://www.chess.com"]

[Event "Titled Tuesday Blitz November 08 Late 2022"]
[White "Faizrakhmanov, Ramil"]
[Black "Moskvin, Anatoly"]
[WhiteFideId "24103209"]
[BlackFideId "24199990"]
[WhiteElo "2437"]
[BlackElo "2079"]
[Result "1-0"]
[Round "06"]
[TimeControl "180+1"]
[Date "2022.11.09"]
[WhiteClock "0:00:53"]
[BlackClock "0:00:17"]

1. d4 Nf6 2. c4 c5 3. d5 b5 4. cxb5 a6 5. bxa6 Bxa6 6. Nc3 g6 7. e4 Bxf1 8. Kxf1 d6 9. g3 Bg7 10. Kg2 O-O 11. Nf3 Nbd7 12. a4 Qb6 13. Qc2 Qb7 14. Rd1 Ng4 15. h3 Nge5 16. Nd2 f5 17. f4 Nf7 18. exf5 gxf5 19. Qxf5 Kh8 20. Nf3 Nfe5 21. Qe4 Nxf3 22. Qxf3 Qb3 23. Ra3 Qc2+ 24. Qe2 Qxe2+ 25. Nxe2 Nb6 26. b3 Rf5 27. a5 Nc8 28. g4 Rf8 29. f5 Na7 30. Bg5 Nb5 31. Ra4 Ra7 32. Rd3 h5 33. Nf4 hxg4 34. Ng6+ Kg8 35. Nxf8 gxh3+ 36. Kxh3 Kxf8 37. Kg4 Nc3 38. f6 exf6 39. Rxc3 f5+ 40. Kxf5 Bxc3 41. Ke6 Be5 42. a6 Ke8 43. b4 cxb4 44. Rxb4 Kf8 45. Rb8+ Kg7 46. Rb7+ 1-0


[Site "https://www.chess.com"]

[Event "Titled Tuesday Blitz November 08 Late 2022"]
[White "Fernandez De La Vara, Arnaldo"]
[Black "Shankland, Sam"]
[WhiteFideId "3518388"]
[BlackFideId "2004887"]
[WhiteElo "2387"]
[BlackElo "2612"]
[Result "1/2-1/2"]
[Round "06"]
[TimeControl "180+1"]
[Date "2022.11.08"]
[WhiteClock "0:00:07"]
[BlackClock "0:00:39"]

1. Nf3 d5 2. c4 c6 3. g3 Nf6 4. b3 dxc4 5. bxc4 e5 6. Nc3 Bc5 7. Bg2 Qe7 8. O-O O-O 9. d3 h6 10. Nd2 Nbd7 11. a4 Bb4 12. Qb3 a5 13. Ba3 Re8 14. Rfb1 Bxa3 15. Rxa3 Nc5 16. Qb2 Bf5 17. Ra2 Rad8 18. Qb6 e4 19. Ndxe4 Nfxe4 20. dxe4 Nxe4 21. Bxe4 Bxe4 22. Nxe4 Qxe4 23. Rc1 Rd7 24. Qxa5 h5 25. Qxh5 Re5 26. Qf3 Qxf3 27. exf3 Rc5 28. Rb2 g6 29. Rb4 Kg7 30. Kf1 Rd3 31. Ke2 Ra3 32. f4 g5 33. Rxb7 gxf4 34. gxf4 Rxa4 35. Kd3 Rh5 36. Re1 Ra3+ 37. Kd4 c5+ 38. Ke4 Rc3 39. Re3 Rxc4+ 40. Kf3 Rh4 41. Re4 Rh3+ 42. Kg4 Rxe4 43. Kxh3 Rxf4 44. Rc7 c4 45. Kg3 Rd4 46. Kf3 Kf6 47. Ke3 Rh4 48. f4 Rxh2 49. Rxc4 Kf5 50. Rc5+ Kg4 51. Rg5+ Kh4 52. Rf5 Kg4 53. Rxf7 Rh8 54. Ke4 Re8+ 55. Kd5 Re1 56. f5 Kg5 57. Kd6 Re2 58. Rf8 Re1 59. Kd7 Re2 60. f6 Kg6 61. f7 Kg7 62. Re8 Rd2+ 63. Ke7 Re2+ 64. Kd6 Rd2+ 65. Ke6 Re2+ 66. Kf5 Rf2+ 67. Kg5 Rxf7 68. Re6 Rd7 69. Rg6+ Kf7 70. Rf6+ Ke7 71. Rf5 Ke6 72. Ra5 Rd5+ 73. Rxd5 Kxd5 1/2-1/2


[Site "https://www.chess.com"]

[Event "Titled Tuesday Blitz November 08 Late 2022"]
[White "Ferreira, Vitor Hugo Vieira"]
[Black "Stoyanov, Tsvetan"]
[WhiteFideId "2119765"]
[BlackFideId "2917173"]
[WhiteElo "2168"]
[BlackElo "2349"]
[Result "0-1"]
[Round "06"]
[TimeControl "180+1"]
[Date "2022.11.09"]
[WhiteClock "0:00:13"]
[BlackClock "0:00:15"]

1. Nf3 d5 2. g3 c6 3. Bg2 Bg4 4. O-O Nd7 5. c4 Bxf3 6. Bxf3 Ne5 7. cxd5 Nxf3+ 8. exf3 Qxd5 9. d4 e6 10. Re1 Nf6 11. Nc3 Qd7 12. Bg5 Nd5 13. f4 h6 14. Bh4 Bb4 15. f5 O-O 16. fxe6 fxe6 17. Rc1 Bxc3 18. bxc3 g5 19. Qg4 Nf6 20. Qh3 gxh4 21. Qxh4 Kh7 22. Re5 Qf7 23. Rce1 Rae8 24. R1e2 Nd5 25. c4 Nc3 26. Rc2 Qf3 27. Rh5 Rf6 28. Rd2 Ref8 29. Re5 Nd1 30. Qe4+ Qxe4 31. Rxe4 Nxf2 32. Re5 Ng4 33. Re1 h5 34. h3 Nh6 35. Rde2 Re8 36. d5 cxd5 37. cxd5 Nf5 38. Kg2 Rg6 39. dxe6 Nxg3 40. Kh2 Nxe2 41. Rxe2 Rgxe6 42. Rc2 Re2+ 43. Rxe2 Rxe2+ 44. Kg3 Rxa2 0-1


[Site "https://www.chess.com"]

[Event "Titled Tuesday Blitz November 08 Late 2022"]
[White "Fier, Alexandr"]
[Black "Hamley, Ryan"]
[WhiteFideId "2107139"]
[BlackFideId "30959497"]
[WhiteElo "2617"]
[BlackElo "2540"]
[Result "1-0"]
[Round "06"]
[TimeControl "180+1"]
[Date "2022.11.09"]
[WhiteClock "0:02:13"]
[BlackClock "0:01:36"]

1. c4 Nf6 2. Nc3 g6 3. g3 Bg7 4. Bg2 O-O 5. e4 d6 6. Nge2 c5 7. O-O Nc6 8. Rb1 e5 9. a3 Be6 10. d3 b6 11. b4 Ne8 12. f4 f5 13. exf5 Bd7 14. fxg6 hxg6 15. fxe5 Rxf1+ 16. Qxf1 Bxe5 17. b5 Nd4 18. Bd5+ Be6 19. Nxd4 Bxd4+ 20. Kg2 Nc7 21. Bxe6+ Nxe6 22. Nd5 Qf8 23. Bd2 Qg7 24. Re1 Rf8 25. Bf4 Nxf4+ 26. gxf4 Qh6 27. Qf3 Qh4 28. Qg3 Qh5 29. Re6 Kh7 30. Qh3 Rf7 31. Qxh5+ gxh5 32. Rxd6 Rg7+ 33. Kf3 Rg1 34. Rd7+ Kg6 35. Rxa7 Rf1+ 36. Kg2 Rf2+ 37. Kg3 h4+ 38. Kxh4 Rxh2+ 39. Kg4 Rg2+ 40. Kf3 Rd2 41. Rb7 Rxd3+ 42. Kg4 Rxa3 43. Rxb6+ Kf7 44. Rc6 Ke8 45. b6 Kd8 46. b7 Rb3 47. Rc8+ 1-0


[Site "https://www.chess.com"]

[Event "Titled Tuesday Blitz November 08 Late 2022"]
[White "Fiol, Fabrice"]
[Black "Clawitter, Craig"]
[WhiteFideId "611670"]
[BlackFideId "2023105"]
[WhiteElo "2451"]
[BlackElo "2166"]
[Result "1-0"]
[Round "06"]
[TimeControl "180+1"]
[Date "2022.11.09"]
[WhiteClock "0:00:13"]
[BlackClock "0:00:06"]

1. e4 e6 2. Qe2 c5 3. Nf3 Nc6 4. d3 g6 5. g3 Bg7 6. Bg2 Nge7 7. c3 O-O 8. Nbd2 d5 9. h4 h6 10. Nf1 b5 11. e5 b4 12. N1h2 a5 13. O-O a4 14. a3 bxc3 15. bxc3 Ba6 16. Ng4 Nf5 17. Bf4 Rb8 18. Rad1 d4 19. c4 Rb3 20. Qd2 h5 21. Nf6+ Bxf6 22. exf6 Qxf6 23. Bg5 Qg7 24. Nh2 Ne5 25. Qa5 Bb7 26. Bxb7 Rxb7 27. Qxc5 Rb3 28. Qa5 Nxd3 29. Qxa4 Rfb8 30. c5 Nb2 31. Qa7 Nxd1 32. Rxd1 d3 33. Nf3 Rb1 34. Rxb1 Rxb1+ 35. Kg2 Qb2 36. Qa8+ Kg7 37. Bf4 1-0


[Site "https://www.chess.com"]

[Event "Titled Tuesday Blitz November 08 Late 2022"]
[White "Firouzja, Alireza"]
[Black "Korkmaz, Necmettin"]
[WhiteFideId "12573981"]
[BlackFideId "6303285"]
[WhiteElo "2903"]
[BlackElo "2094"]
[Result "1-0"]
[Round "06"]
[TimeControl "180+1"]
[Date "2022.11.08"]
[WhiteClock "0:02:49"]
[BlackClock "0:00:21"]

1. e4 c5 2. Nc3 e6 3. f4 Nc6 4. Nf3 d5 5. Bb5 Ne7 6. O-O d4 7. Ne2 a6 8. Bxc6+ Nxc6 9. d3 Be7 10. Ng3 O-O 11. f5 exf5 12. Nxf5 Bxf5 13. exf5 f6 14. Nd2 Bd6 15. Ne4 Re8 16. Qh5 Qd7 17. Rf3 Rxe4 18. dxe4 Qf7 19. Qh4 Re8 20. Rh3 h6 21. Bd2 c4 22. Kh1 Bb4 23. Bxh6 Kf8 24. Bxg7+ Qxg7 25. Rg3 Qf7 26. Qh6+ Ke7 27. Rg7 1-0


[Site "https://www.chess.com"]